 Dungeon Crawl Stone Soup version 0.16.3-4-gc506b73efe (console) character file.

3696 dcssisdead the Reanimator (level 9, -6/72 HPs)
             Began as a Mummy Necromancer on Aug 17, 2023.
             Mangled by a wasp (8 damage)
             ... on level 8 of the Dungeon.
             The game lasted 00:51:38 (11679 turns).

dcssisdead the Reanimator (Mummy Necromancer)      Turns: 11679, Time: 00:51:38

Health: -6/72      AC:  1    Str: 11    XL:     9   Next: 90%
Magic:  11/25      EV: 11    Int: 17    God:
Gold:   392        SH:  0    Dex: 12    Spells: 6 memorised, 9 levels left

rFire  x x .     SeeInvis +     b - +0 hunting sling
rCold  + . .     Clarity  .     r - -6 ring mail of Lies {rElec rF- rN+ MR+} (curse)
rNeg   + + +     SustAb   +     (no shield)
rPois  ∞         Gourm    .     i - +1 helmet
rElec  +         Spirit   .     (no cloak)
rCorr  .         Warding  .     (no gloves)
rMut   .         Stasis   .     (no boots)
MR     ++...                    (no amulet)
Stlth  +.........               t - ring of see invisible
                                j - ring of sustain abilities

@: very resistant to hostile enchantments, very unstealthy
A: no food or potions, fire vulnerability, restore body, cold resistance 1,
negative energy resistance 3, poison resistance, torment resistance, unbreathing
a: no special abilities


You were on level 8 of the Dungeon.
You were not hungry.

You visited 1 branch of the dungeon, and saw 9 of its levels.
You also visited: Sewer.

You collected 392 gold pieces.

Inventory:

Hand weapons
 a - a +3 spear of freezing
 b - a +0 hunting sling (weapon)
 y - a +1 falchion of flaming
Missiles
 d - 40 poisoned needles
 h - 3 needles of confusion
 k - 15 sling bullets of frost
 l - 4 tomahawks
 n - 13 sling bullets (quivered)
Armour
 c - a +0 robe
 e - the +0 buckler of Insecurity {-Cast rF+ Dex+3}
   (You found it on level 7 of the Dungeon)

   It affects your dexterity (+3).
   It protects you from fire.
   It prevents spellcasting.
 i - a +1 helmet (worn)
 r - the cursed -6 ring mail of Lies (worn) {rElec rF- rN+ MR+}
   (You found it on level 8 of the Dungeon)

   It makes you vulnerable to fire.
   It insulates you from electricity.
   It protects you from negative energy.
   It affects your resistance to hostile enchantments.
   It has a curse placed upon it.
Jewellery
 j - a ring of sustain abilities (left hand)
 t - a ring of see invisible (right hand)
 v - an uncursed ring of ice
Magical devices
 q - a wand of lightning (3)
 w - a wand of flame (24)
Scrolls
 f - 3 scrolls of teleportation
 m - a scroll of noise
 o - 2 scrolls of magic mapping
 p - a scroll of blinking
 s - a scroll of identify
 x - a scroll of recharging {unknown}
Books
 g - a book of Necromancy

   Spells                             Type                      Level
   a - Pain                           Necromancy                   1
   b - Animate Skeleton               Necromancy                   1
   c - Vampiric Draining              Necromancy                   3
   d - Regeneration                   Charms/Necromancy            3
   e - Animate Dead                   Necromancy                   4
   f - Control Undead                 Necromancy                   4
 u - a book of Minor Magic

   Spells                             Type                      Level
   a - Magic Dart                     Conjuration                  1
   b - Blink                          Translocation                2
   c - Call Imp                       Summoning                    2
   d - Repel Missiles                 Charms/Air                   2
   e - Slow                           Hexes                        2
   f - Conjure Flame                  Conjuration/Fire             3
   g - Mephitic Cloud                 Conjuration/Poison/Air       3


   Skills:
 * Level 7.3 Fighting
 - Level 2.8 Dodging
 - Level 1.5 Stealth
 * Level 8.0 Spellcasting
 * Level 9.2 Necromancy


You had 9 spell levels left.
You knew the following spells:

 Your Spells              Type           Power        Failure   Level  Hunger
a - Pain                  Necr           ####         1%          1    N/A
b - Animate Skeleton      Necr           N/A          1%          1    N/A
c - Vampiric Draining     Necr           #####.....   1%          3    N/A
d - Control Undead        Necr           #####.....   8%          4    N/A
e - Animate Dead          Necr           N/A          8%          4    N/A
f - Blink                 Tloc           N/A          38%         2    N/A

Dungeon Overview and Level Annotations

Branches:
Dungeon (9/15)
 Temple: D:4-7         Lair: D:8-11         Orc: D:9-12

Altars:
Okawaru
Sif Muna
Trog
Xom
Zin
The Shining One

Shops:
D:6 :

Annotations:
D:3 Sigmund
D:7 1 runed door
D:8 hydra, exclusion: 2 doors


Innate Abilities, Weirdness & Mutations

You do not eat or drink.
Your flesh is vulnerable to fire.
Your flesh is cold resistant.
You are immune to negative energy.
Your system is resistant to poisons.
You are immune to unholy pain and torment.
You can survive without breathing.


Message History

There is a stone staircase leading down here.
Casting: Pain
Confirm with . or Enter, or press ? or * to list all spells.
Aiming: Vampiric Draining
Press: ? - help, Shift-Dir - straight line, f - wasp
Aim: a wasp (moderately wounded)
The wasp is heavily wounded.
You feel life coursing into your body. The wasp closely misses you.
The wasp stings you!
* * * LOW HITPOINT WARNING * * *
Unknown command.
Unknown command.
Casting: Vampiric Draining
Confirm with . or Enter, or press ? or * to list all spells.
Aiming: Vampiric Draining
Press: ? - help, Shift-Dir - straight line, f/p - wasp
Aim: a wasp (heavily wounded)
The wasp is heavily wounded.
You feel life coursing into your body. The wasp stings you!
You die...

#.......#.###.#..# #.#
#. #<).....#.##.....#
#.# #.
#)......#.##.....# #.#
#. #...%...#........#
#.# #.
#......##........# #.#
#. ######.##........#
#.# #. #.##.##...#.###=#
#. #.##y...........# #.
#.##@###.##.##### #.
#.##.##..##.# #.
#.##.##.###.##### #.
#.##.##.# #.....# #.
#.##.##.# #####.# ##
#.##.##.# #.# #
##.##.##.#######.#####
##.#Z#...............##
##Z###.###..............


You could see a wasp.

Vanquished Creatures
  2 yaks
  Eustachio (D:8)
  A steam dragon (D:9)
  Menkaure (D:4)
  4 ice beasts
  2 orc warriors (D:7)
  2 ogres
  A phantom (D:8)
  4 giant frogs
  3 big kobolds (D:8)
  A crocodile (D:8)
  4 killer bees (D:7)
  A water moccasin skeleton (D:5)
  3 scorpions
  6 hounds
  A crimson imp (D:6)
  2 centaur zombies
  A goliath beetle (D:6)
  A jelly (D:7)
  An orc priest (D:7)
  3 iguanas
  4 orc wizards
  3 worker ants
  2 sheep
  Robin (D:1)
  3 gnolls
  11 adders
  A shadow imp (D:9)
  A river rat (D:4)
  4 giant mites
  A worm (D:3)
  2 orc zombies (D:8)
  8 giant geckos
  2 oozes
  15 orcs
  11 bats
  A bat skeleton (D:4)
  A bat zombie (D:8)
  9 giant cockroaches
  14 goblins
  15 hobgoblins
  2 jackals (D:8)
  3 quokkas
  6 ball pythons
  10 giant newts
  21 kobolds
  20 rats
216 creatures vanquished.

Vanquished Creatures (collateral kills)
  A hungry ghost (D:6)
  2 giant frogs
  A water moccasin skeleton (D:7)
  A crimson imp (D:7)
  A jelly (D:7)
  A centaur skeleton (D:6)
  An orc wizard (D:7)
  A killer bee zombie (D:6)
  3 adders
  A giant mite (Sewer)
  A shadow imp (D:7)
  A worm (D:2)
  2 giant geckos
  3 orcs (D:7)
  4 goblins
  A hobgoblin (D:4)
  A kobold (D:7)
  2 bats (D:1)
  A rat (D:1)
29 creatures vanquished.

Vanquished Creatures (others)
  A giant frog zombie (D:8)
  A killer bee zombie (D:7)
  A crocodile zombie (D:8)
  A hound zombie (D:4)
  An iguana zombie (D:6)
  2 adder skeletons
  An adder zombie (D:8)
  A bat skeleton (D:1)
  A ball python skeleton (D:1)
  A giant gecko skeleton (D:8)
  A giant newt skeleton (Sewer)
  A gnoll skeleton (D:8)
  A goblin zombie (D:7)
  2 hobgoblin skeletons
  A kobold skeleton (D:7)
  An orc skeleton (D:7)
  2 orc zombies (D:4)
  A plant (D:8)
21 creatures vanquished.

Grand Total: 266 creatures vanquished

Notes
Turn   | Place    | Note
--------------------------------------------------------------
     0 | D:1      | dcssisdead, the Mummy Necromancer, began the quest for the Orb.
     0 | D:1      | Reached XP level 1. HP: 13/13 MP: 3/3
    28 | D:1      | Learned a level 1 spell: Animate Skeleton
   318 | D:1      | Reached XP level 2. HP: 19/19 MP: 1/5
  1164 | D:1      | Reached XP level 3. HP: 20/24 MP: 2/6
  1285 | D:2      | Noticed Robin
  1342 | D:1      | Killed Robin
  1573 | D:2      | Reached skill level 1 in Fighting
  1580 | D:2      | Learned a level 3 spell: Vampiric Draining
  1715 | D:2      | Reached XP level 4. HP: 29/32 MP: 2/8
  2527 | D:2      | Learned a level 4 spell: Control Undead
  2533 | D:3      | Noticed Sigmund
  2539 | D:3      | Found a deep blue altar of Sif Muna.
  2546 | D:3      | Reached XP level 5. HP: 35/37 MP: 6/11
  3204 | D:3      | Found an iron altar of Okawaru.
  3204 | D:3      | Found a glowing silver altar of Zin.
  3204 | D:3      | Found a bloodstained altar of Trog.
  3622 | D:4      | Reached skill level 5 in Necromancy
  3746 | D:4      | Found a glowing drain.
  3749 | D:4      | Reached XP level 6. HP: 44/44 MP: 10/13
  3823 | Sewer    | Entered a sewer
  4392 | Sewer    | Learned a level 4 spell: Animate Dead
  5076 | D:4      | Reached XP level 7. HP: 47/51 MP: 11/17
  5129 | D:4      | Noticed Menkaure
  5141 | D:4      | HP: 2/51 [Menkaure (11)]
  5465 | D:4      | Killed Menkaure
  5465 | D:4      | Reached skill level 6 in Necromancy
  5709 | D:4      | Noticed an ogre
  5714 | D:4      | Killed an ogre
  5714 | D:4      | Reached skill level 5 in Spellcasting
  5861 | D:5      | Entered Level 5 of the Dungeon
  6069 | D:5      | You fall through a shaft for 3 floors!
  6275 | D:8      | Got a jewelled ring mail
  6436 | D:8      | Reached XP level 8. HP: 59/59 MP: 13/20
  6517 | D:8      | Noticed a yak
  6517 | D:8      | Noticed a yak
  6822 | D:6      | Found a shimmering altar of Xom.
  6905 | D:6      | Identified a scroll of acquirement
  6909 | D:6      | Got a twisted buckler
  6915 | D:6      | Identified the -4 buckler "Shrirha" {rC+} (You acquired it on level 6 of the Dungeon)
  7058 | D:6      | Reached skill level 7 in Necromancy
  7157 | D:6      | Found Vivvy's Book Shop.
  7557 | D:6      | Identified the cursed -6 ring mail of Lies {rElec rF- rN+ MR+} (You found it on level 8 of the Dungeon)
  7679 | D:7      | Got an encrusted buckler
  7687 | D:7      | Identified the +0 buckler of Insecurity {-Cast rF+ Dex+3} (You found it on level 7 of the Dungeon)
  7791 | D:7      | Reached skill level 5 in Fighting
  7913 | D:7      | Noticed an angel
  7914 | D:7      | Found a runed door.
  7914 | D:7      | Found a glowing golden altar of the Shining One.
  8271 | D:7      | Reached XP level 9. HP: 42/68 MP: 13/23
  8421 | D:7      | Reached skill level 8 in Necromancy
  9901 | D:8      | Noticed Eustachio
  9915 | D:8      | Killed Eustachio
 10282 | D:8      | Learned a level 2 spell: Blink
 10492 | D:7      | Killed a yak
 10636 | D:8      | Killed a yak
 10636 | D:8      | Reached skill level 9 in Necromancy
 11166 | D:9      | Got a twisted hand axe
 11172 | D:9      | Identified the +3 hand axe of the Eternal Warrior {speed, rC+ MP-9 Str+4 Int-2 Dex+3} (You found it on level 9 of the Dungeon)
 11416 | D:9      | Noticed a skeletal warrior
 11678 | D:8      | HP: 1/72 [wasp (11)]
 11679 | D:8      | Mangled by a wasp

Action                   |  1- 3 |  4- 6 |  7- 9 || total
-------------------------+-------+-------+-------++-------
Melee: Unarmed           |     2 |       |       ||     2
       Dagger            |    10 |       |       ||    10
       Spear             |     1 |    46 |   129 ||   176
       Hunting sling     |       |       |     2 ||     2
 Fire: Hunting sling     |       |       |    51 ||    51
Throw: Tomahawk          |       |       |     4 ||     4
 Cast: Pain              |    62 |   162 |   214 ||   438
       Animate Skeleton  |     3 |    10 |    11 ||    24
       Vampiric Draining |       |     4 |    46 ||    50
       Animate Dead      |       |     1 |    13 ||    14
       Control Undead    |       |       |     3 ||     3
  Use: Scroll            |       |     4 |     8 ||    12
 Stab: Sleeping          |       |     1 |     1 ||     2
       Distracted        |       |       |     3 ||     3
